 Dungeon Crawl Stone Soup version 0.28-b1-25-g9875b3fc8c (webtiles) character file.

Game seed: 14553194857763153674

65 crazypyro the Insei (level 3, -3/29 HPs)
             Began as a Demonspawn Monk on Jan 31, 2022.
             Killed from afar by Sigmund (5 damage)
             ... with a puff of flame
             ... on level 2 of the Dungeon.
             The game lasted 00:02:03 (2064 turns).

crazypyro the Insei (Demonspawn Monk)               Turns: 2064, Time: 00:02:03

Health: -3/29      AC:  8    Str: 13    XL:     3   Next: 94%
Magic:  3/3        EV: 12    Int: 11    God:
Gold:   16         SH:  0    Dex: 15    Spells: 2/2 levels left

rFire   . . .      SeeInvis .     - Unarmed
rCold   . . .      Faith    .   (no shield)
rNeg    . . .      Spirit   .   a - +0 robe
rPois   .          Reflect  .   (no helmet)
rElec   .          Harm     .   (no cloak)
rCorr   .          Rampage  .   (no gloves)
Will    .....                   (no boots)
Stlth   ++........              (no amulet)
HPRegen 0.09/turn               (no ring)
MPRegen 0.08/turn               (no ring)

@: sanguine armoured
A: sanguine armour 1
a: no special abilities


You were on level 2 of the Dungeon.
You visited 1 branch of the dungeon, and saw 2 of its levels.

You collected 16 gold pieces.

Inventory:

Armour
 a - a +0 robe (worn)
Scrolls
 b - 2 scrolls of identify {unknown}
 c - a scroll of brand weapon {unknown}
 d - a scroll of enchant weapon {unknown}
 e - a scroll of immolation {unknown}
Potions
 f - a potion of curing {unknown}


   Skills:
 - Level 3.0 Fighting
 - Level 2.6 Dodging
 - Level 1.7 Stealth
 + Level 4.4 Unarmed Combat


You had 2 spell levels left.
You didn't know any spells.
Your spell library contained the following spells:

 Spells                   Type           Power      Damage    Failure   Level
 Call Canine Familiar     Summ           0%         N/A       71%         3
 Portal Projectile        Hex/Tloc       0%         N/A       71%         3
 Leda's Liquefaction      Hex/Erth       0%         N/A       98%         4


Dungeon Overview and Level Annotations

Branches:
Dungeon (2/15)

Altars:
Sif Muna

Annotations:
D:2 Sigmund


Innate Abilities, Weirdness & Mutations

When seriously injured, your blood forms armour. (AC +6)


Message History

You hit the adder.
You kill the adder!
You feel sick.
You are no longer poisoned.
You are too injured to fight recklessly!
You are too injured to fight recklessly!
You see here an adder corpse.
b - 2 scrolls labelled HIELOZ GINUOPN (gained 1)
Your blood armour dries and flakes away.
Sigmund is nearby!
Sigmund shouts!
Sigmund hits you from afar with a +1 scythe of flaming.
Sigmund burns you.
Sigmund drinks a potion.
Sigmund seems to grow stronger.
You hit Sigmund but do no damage. Sigmund casts a spell at you.
You resist with significant effort.
You closely miss Sigmund. You hit Sigmund.
Sigmund is lightly wounded.
Sigmund hits you with a +1 scythe of flaming!
Your blood congeals into armour.
Sigmund burns you.
* * * LOW HITPOINT WARNING * * *
You are too injured to fight recklessly!
You are too injured to fight recklessly!
You are too injured to fight recklessly!
You are too injured to fight recklessly!
You hit Sigmund but do no damage.
Sigmund is lightly wounded.
Sigmund hits you with a +1 scythe of flaming.
* * * LOW HITPOINT WARNING * * *
Sigmund burns you.
* * * LOW HITPOINT WARNING * * *
You hit Sigmund.
Sigmund is lightly wounded.
You hit Sigmund.
Sigmund is lightly wounded.
Sigmund gestures at you while chanting. The puff of flame hits you.
You die...

.>..............<
###...#.#.#.....#
#.....#.#...#....
#....$#.#########
##.._...)...#
......#....#
......#....#
..##@##.†..# .
#.@.....#
####....# #....#
#....# #....#
#....# #....#
#....# ######


You could see Sigmund (strong).

Vanquished Creatures
  A gnoll (D:1)
  2 adders (D:2)
  A dart slug (D:1)
  2 endoplasms (D:1)
  3 giant cockroaches (D:1)
  2 goblins
  4 hobgoblins (D:1)
  6 kobolds
  4 quokkas (D:1)
  2 ball pythons (D:1)
  2 bats (D:1)
  6 rats (D:1)
35 creatures vanquished.

Notes
Turn   | Place    | Note
-------+----------+-------------------------------------------
     0 | D:1      | crazypyro the Demonspawn Monk began the quest for the Orb.
     0 | D:1      | Reached XP level 1. HP: 18/18 MP: 1/1
   237 | D:1      | Reached skill level 3 in Unarmed Combat
   395 | D:1      | Gained mutation: When seriously injured, your blood forms
                  | armour. (AC +6) [demonic ancestry]
   395 | D:1      | Reached XP level 2. HP: 8/24 MP: 2/2
  1008 | D:1      | Reached XP level 3. HP: 7/29 MP: 3/3
  1012 | D:1      | Reached skill level 4 in Unarmed Combat
  1802 | D:2      | Noticed Sigmund
  1890 | D:2      | Found a shimmering blue altar of Sif Muna.
  2064 | D:2      | Killed from afar by Sigmund

Illustrated notes

Levels and vault maps discovered:
D:1:      matt_arrival_spirals, layout_rooms
D:2:      layout_basic, basic_altar, uniq_sigmund

Skill      XL: |  1  2  3 |
---------------+----------+-----
Unarmed Combat | 3 4 |  4.4
Fighting       | |  3.0
Dodging        | |  2.6
Stealth        | |  1.7

Action                   || total
-------------------------++-------
Melee: Unarmed           ||   156
       Punch             ||     3
 Stab: Sleeping          ||     2
Armor: Robe              ||    37
Dodge: Dodged            ||    99
